AoeStats
← donezo

Socotra

506503066Analyzed
2v2 RM · 17d ago on Sep 13, 2026· 25m 27s· 4 players
Game mode
Random Map
Map size
Tiny (2 player)
Population
200
Speed
Normal
Resources
Standard
Victory
Conquest
Starting age
Dark Age
Ending age
Imperial Age
RankedLock teamsTeams togetherTeam positionsShared explorationLock speedFull tech treeHidden civsTurbo modeCheats
Victory
Defeat
🇺🇸 Romans · United States
1063
+13
🇺🇸 Vietnamese · United States
995
+15
🇦🇹 Romans · Austria
1049
-17
🇦🇹 Celts · Austria
922
-11
jofidkt
7:12 Loom
9:36 Feudal Age
9:53 Man-at-Arms
10:46 Double-Bit Axe
11:09 Horse Collar
11:34 Town Watch
18:40 Fletching
20:34 Forging
27:50 Castle Age
2MumsReichenNicht
15:11 Feudal Age
15:53 Double-Bit Axe
20:02 Horse Collar
22:00 Wheelbarrow
23:00 Scale Barding Armor
donezo
4:23 Loom
11:53 Feudal Age
13:29 Man-at-Arms
14:25 Double-Bit Axe
14:55 Forging
14:46 Scale Mail Armor
15:12 Horse Collar
24:45 Castle Age
Sergeant Toasty
6:15 Loom
10:45 Feudal Age
13:16 Fletching
13:27 Padded Archer Armor
14:00 Double-Bit Axe
13:59 Horse Collar
14:11 Gold Mining
20:42 Stone Mining
23:05 Castle Age
23:10 Crossbowman
23:56 Thumb Ring
23:47 Bodkin Arrow
24:08 Leather Archer Armor
24:42 Bow Saw
Connection lost

Rejoining the realm…

Still unreachable

The connection could not be restored.

Session expired

The server has moved on; the page needs a fresh start.